 Dungeon Crawl Stone Soup version 0.18-a0-1180-g64ccc1e (webtiles) character file.

210 kae the Chopper (level 5, -3/45 HPs)
             Began as a Hill Orc Fighter on Jan 27, 2016.
             Was an Initiate of Qazlal.
             Slain by Purgy (4 damage)
             ... in a sewer.
             The game lasted 00:03:21 (1787 turns).

kae the Chopper (Hill Orc Fighter)                  Turns: 1787, Time: 00:03:22

Health: -3/45      AC:  7    Str: 20    XL:     5   Next: 87%
Magic:  4/4        EV:  7    Int:  8    God:    Qazlal [......]
Gold:   33         SH:  9    Dex: 10    Spells: 0 memorised, 4 levels left

rFire  . . .     SeeInvis .     a - +0 war axe
rCold  . . .     Gourm    .     b - +1 scale mail
rNeg   . . .     Faith    .     c - +0 shield
rPois  .         Spirit   .     (no helmet)
rElec  .         Dismiss  .     (no cloak)
rCorr  .         Reflect  .     (no gloves)
SustAt .         Harm     .     (no boots)
MR     .....     Clarity  +     (no amulet)
Stlth  ..........               (no ring)
                                (no ring)

@: not resistant to hostile enchantments, extremely unstealthy
A: clarity, low mp 1, evolution 1
a: Renounce Religion


You were in a sewer.
You worshipped Qazlal.
Qazlal was noncommittal.
You were not hungry.

You visited 1 branch of the dungeon, and saw 3 of its levels.
You also visited: Sewer.

You collected 33 gold pieces.

Inventory:

Hand Weapons
 a - a +0 war axe (weapon)
Armour
 b - a +1 scale mail (worn)
 c - a +0 shield (worn)
Wands
 q - a wand of digging (21/24)
Scrolls
 e - 4 scrolls of identify {unknown}
 h - a scroll of amnesia {unknown}
 l - a scroll of fear {unknown}
 n - a scroll of remove curse {unknown}
 o - a scroll of fog {unknown}
 p - 2 scrolls of teleportation {unknown}
Potions
 i - a potion of resistance {unknown}
 k - a potion of invisibility {unknown}
 r - a potion of flight {unknown}
Comestibles
 f - 3 bread rations
 j - a slice of pizza
 m - a meat ration


   Skills:
 - Level 3.6 Fighting
 + Level 7.8 Axes
 - Level 3.2 Armour
 - Level 3.2 Shields


You had 4 spell levels left.
You didn't know any spells.

Dungeon Overview and Level Annotations

Branches:
Dungeon (3/15)

Altars:
Qazlal

Annotations:
Sewer Purgy


Innate Abilities, Weirdness & Mutations

You possess an exceptional clarity of mind.
Your magical capacity is low (-10% MP).
You evolve.


Message History

You block Purgy's attack.
You barely miss Purgy.
Purgy is almost dead.
Purgy bites you.
* * * LOW HITPOINT WARNING * * *
Purgy claws you but does no damage. Purgy closely misses you.
You closely miss Purgy.
Purgy is almost dead.
Purgy bites you but does no damage. Purgy claws you but does no damage.
Purgy barely misses you.
You hit Purgy.
Purgy is almost dead.
You block Purgy's attack. x2; Purgy claws you but does no damage.
Purgy bites you.
* * * LOW HITPOINT WARNING * * *
Purgy claws you but does no damage. x2
You hit Purgy.
Purgy is almost dead.
Purgy bites you.
You die...

#####################
#.##.##.##.##.##.##.#
#.##.##.##.##.##.##.#
#'##'##'##†##†##'##'#
#...................#####
≈≈≈≈≈#≈≈≈≈≈≈≈≈≈.≈≈≈≈≈≈≈≈≈#≈≈≈≈
≈≈≈≈≈#≈≈≈≈≈≈≈≈≈∩≈≈≈≈≈≈≈≈≈#≈≈≈≈
≈≈≈≈≈#≈≈≈≈≈≈≈≈≈.≈≈≈≈≈≈≈≈≈#≈≈≈≈
######.......@...(.......#####
#+##+##T##.##'##†##'# #.
#.##(##.##.# #( #∩##.##.##.#
## ############


You could see Purgy.

Vanquished Creatures
  The ghost of Leszczynek the Sneak, an amateur NaWz (D:3)
  An orc priest (D:3)
  Jessica (D:2)
  2 adders (D:2)
  4 worms
  2 giant geckos (D:2)
  2 orcs (D:3)
  2 ball pythons (D:1)
  5 giant cockroaches
  10 hobgoblins
  A quokka (D:2)
  6 bats
  3 giant newts
  6 goblins
  9 kobolds
  4 rats
59 creatures vanquished.

Notes
Turn   | Place    | Note
--------------------------------------------------------------
     0 | D:1      | kae the Hill Orc Fighter began the quest for the Orb.
     0 | D:1      | Reached XP level 1. HP: 19/19 MP: 1/1
   111 | D:1      | Reached XP level 2. HP: 26/26 MP: 2/2
   318 | D:1      | Reached skill level 4 in Axes
   602 | D:1      | Reached XP level 3. HP: 26/31 MP: 3/3
   881 | D:2      | Reached skill level 5 in Axes
   992 | D:2      | Reached XP level 4. HP: 37/39 MP: 4/4
  1265 | D:2      | Noticed Jessica
  1268 | D:2      | Killed Jessica
  1268 | D:2      | Reached skill level 6 in Axes
  1370 | D:3      | Noticed Leszczynek's ghost (amateur NaWz)
  1379 | D:3      | Killed Leszczynek's ghost
  1379 | D:3      | Reached skill level 7 in Axes
  1379 | D:3      | Reached XP level 5. HP: 18/45 MP: 5/5
  1443 | D:3      | Found a glowing drain.
  1492 | D:3      | Found a stormy altar of Qazlal.
  1498 | D:3      | Became a worshipper of Qazlal Stormbringer
  1549 | Sewer    | Entered a sewer
  1761 | Sewer    | Noticed Purgy
  1776 | Sewer    | Gained mutation: Your magical capacity is low (-10% MP). [potion of mutation]
  1776 | Sewer    | Gained mutation: You possess an exceptional clarity of mind. [potion of mutation]
  1776 | Sewer    | Gained mutation: You evolve. [potion of mutation]
  1784 | Sewer    | HP: 2/45 [Purgy (5)]
  1787 | Sewer    | Slain by Purgy

Vault maps used:
D:1:      dpeg_arrival_erosion, minivault_24
D:2:      first_bread, uniq_jessica
D:3:      grunt_temple_overflow_cloverleaf, portal_sewer_entry_a,
          hangedman_abyss_or_decor_stabs, nicolae_ru_awakened_eye
Sewer:    kennysheep_door_sewer

Action                   |  1- 3 |  4- 6 || total
-------------------------+-------+-------++-------
Melee: War axe           |   137 |   102 ||   239
  Use: Scroll            |     1 |       ||     1
       Potion            |       |     3 ||     3
  Eat: Chunk             |       |     3 ||     3
